 Dungeon Crawl Stone Soup version 0.30.1-11-g7821555f0a (webtiles) character file.

Game seed: 7824010519424043887

425 Okkudo the Cleaver (level 6, 0/51 HPs)
             Began as a Hill Orc Monk on Nov 29, 2023.
             Engulfed by a cloud of freezing vapour (8 damage)
             ... on level 5 of the Dungeon.
             The game lasted 00:13:58 (4047 turns).

Okkudo the Cleaver (Hill Orc Monk)                  Turns: 4047, Time: 00:13:59

Health: 0/51       AC:  9    Str: 16    XL:     6   Next: 96%
Magic:  6/6        EV:  7    Int: 10    God:
Gold:   247        SH:  0    Dex: 13    Spells: 5/5 levels left

rFire   . . .        p - +0 battleaxe
rCold   + + .        (shield currently unavailable)
rNeg    . . .        h - +1 chain mail
rPois   .            (no helmet)
rElec   .            w - scarf {rC+ rF+}
rCorr   .            (no gloves)
SInv    .            (no boots)
Will    .....        (no amulet) Stlth
                     j - ring of ice
HPRegen 0.28/turn    s - ring of flight
MPRegen 0.10/turn

%: no passive effects
@: flying
A: no striking features
a: no special abilities


You were on level 5 of the Dungeon.
You visited 1 branch of the dungeon, and saw 5 of its levels.

You collected 247 gold pieces.

Inventory:

Hand Weapons
 p - a +0 battleaxe (weapon)
 t - a +0 trident
 u - a +0 trident
Armour
 d - an orb of light
 h - a +1 chain mail (worn)
 w - a scarf of resistance (worn)
Jewellery
 j - a ring of ice (left hand)
 s - a ring of flight (right hand)
Scrolls
 a - 2 scrolls of enchant armour
 f - a scroll of poison {unknown}
 k - a scroll of noise
 l - a scroll of teleportation
 n - 2 scrolls of identify {unknown}
 o - a scroll of summoning {unknown}
Potions
 b - 2 potions of brilliance {unknown}
 c - a potion of ambrosia
 e - a potion of flight {unknown}
 g - a potion of degeneration {unknown}
 i - 2 potions of curing {unknown}
 m - a potion of resistance {unknown}
 q - a potion of magic {unknown}
 r - a potion of might {unknown}
 v - a potion of mutation {unknown}


   Skills:
 - Level 3.6 Fighting
 * Level 9.9 Axes
 - Level 2.4 Dodging


You had 5 spell levels left.
You didn't know any spells.
Your spell library contained the following spells:

 Spells                   Type           Power      Damage    Failure   Level
 Blink                    Tloc           0%         N/A       100%        2
 Lesser Beckoning         Tloc           0%         N/A       100%        2
 Momentum Strike          Conj/Tloc      0%         3d8       100%        2
 Dazzling Flash           Conj/Hex       0%         N/A       100%        3
 Tukima's Dance           Hex            0%         N/A       100%        3
 Volatile Blastmotes      Fire/Tloc      0%         2d10      100%        3
 Iskenderun's Mystic Bla  Conj/Tloc      0%         2d3       100%        4
 Passage of Golubria      Tloc           0%         N/A       100%        4
 Summon Forest            Summ/Tloc      0%         N/A       100%        5
 Yara's Violent Unravell  Hex/Tmut       0%         3d3       100%        5
 Eringya's Noxious Bog    Tmut/Pois      0%         N/A       100%        6
 Starburst                Conj/Fire      0%         6d3       100%        6
 Summon Hydra             Summ           0%         N/A       100%        7


Dungeon Overview and Level Annotations

Branches:
Dungeon (5/15)             Temple (0/1) D:4

Altars:
Yredelemnul
Zin
The Shining One


Message History

There is an open door here.
Really fly into a travel-excluded area? [Y]es or [N]o only, please.
Really fly into a travel-excluded area?
Uppercase [Y]es or [N]o only, please.
Really fly into a travel-excluded area? [Y]es or [N]o only, please.
Really fly into a travel-excluded area? [Y]es or [N]o only, please.
Really fly into a travel-excluded area?
Uppercase [Y]es or [N]o only, please.
Really fly into a travel-excluded area?
Found 6 stones.
Unknown command.
Really fly into a travel-excluded area?
You are engulfed in freezing vapours.
You resist.
You are engulfed in freezing vapours.
You resist.
You are engulfed in freezing vapours.
You resist.
You are engulfed in freezing vapours.
You resist.
Found an escape hatch in the ceiling.
You are engulfed in freezing vapours.
You resist.
Found 6 poisoned darts.
You are engulfed in freezing vapours.
You resist.
You are engulfed in freezing vapours.
You resist.
* * * LOW HITPOINT WARNING * * *
You are engulfed in freezing vapours.
You resist.
* * * LOW HITPOINT WARNING * * *
Found a ring mail.
You are engulfed in freezing vapours.
You resist.
* * * LOW HITPOINT WARNING * * *
You are confused.
You feel invigorated.
You are engulfed in freezing vapours.
You resist.
* * * LOW HITPOINT WARNING * * *
You are engulfed in freezing vapours.
You resist.
* * * LOW HITPOINT WARNING * * *
You bump into the translucent stone wall.
You are engulfed in freezing vapours.
You resist.
* * * LOW HITPOINT WARNING * * *
You feel less invigorated.
You feel less confused.
You are engulfed in freezing vapours.
You resist.
You die...

.............#.#§#...(
.....>.......#°#°#....
###.#####....#°#°#...#
#.# ###..#°#°#....
#.....# #.##°#°#..####
#.....###..#°#°#......
#.....#....#°#°#......
#......(...#°#°#......
#.....#....#°#@#......
#.....#....#°°°#......
####.##....#####<.....
##..............
#.....###......
........ ......
.#....(.. ......
........ .#....
.#..... ..[


There were no monsters in sight!

Vanquished Creatures
  A black bear (D:4)
  A phantom (D:5)
  2 hounds (D:4)
  A human skeleton (D:3)
  An iguana (D:4)
  An orc wizard (D:4)
  2 gnolls (D:4)
  4 adders
  An ufetubus (D:4)
  2 worms
  2 dart slugs
  3 orcs
  2 endoplasms
  2 giant cockroaches
  6 hobgoblins
  3 jackals (D:3)
  3 kobolds
  A quokka (D:4)
  5 ball pythons
  4 bats
  A frilled lizard (D:3)
  7 goblins
  A kobold zombie (D:3)
  2 rats
58 creatures vanquished.

Notes
Turn   | Place    | Note
-------+----------+-------------------------------------------
     0 | D:1      | Okkudo the Hill Orc Monk began the quest for the Orb.
     0 | D:1      | Reached XP level 1. HP: 19/19 MP: 1/1
   598 | D:1      | Reached XP level 2. HP: 26/26 MP: 2/2
  1072 | D:2      | Reached skill level 5 in Axes
  1260 | D:2      | Reached XP level 3. HP: 31/31 MP: 3/3
  1651 | D:2      | You fall into a shaft and drop 2 floors!
  1694 | D:4      | Reached skill level 6 in Axes
  1694 | D:4      | Reached XP level 4. HP: 20/39 MP: 4/4
  1850 | D:4      | Found a staircase to the Ecumenical Temple.
  1872 | D:3      | Found a runed translucent door.
  1872 | D:3      | Noticed a human
  1874 | D:3      | Found a basalt altar of Yredelemnul.
  1892 | D:3      | Reached skill level 7 in Axes
  1990 | D:3      | Identified the +3 whip "Pizxituz" {speed, Will+}
  2113 | D:3      | Reached XP level 5. HP: 42/45 MP: 5/5
  2250 | D:3      | Found a glowing silver altar of Zin.
  2250 | D:3      | Found a glowing golden altar of the Shining One.
  2992 | D:4      | Reached skill level 8 in Axes
  3225 | D:4      | Reached XP level 6. HP: 35/51 MP: 6/6
  3557 | D:4      | Noticed a black bear
  3567 | D:4      | Killed a black bear
  3568 | D:4      | Reached skill level 9 in Axes
  3783 | D:5      | Entered Level 5 of the Dungeon
  4044 | D:5      | HP: 1/51 [something (2)]
  4047 | D:5      | Engulfed by a cloud of freezing vapour

Illustrated notes

Levels and vault maps discovered:
D:1:      saegor_arrival_miasma, layout_loops_corners, kennysheep_small_spiral
D:2:      layout_rooms, palyth_stone_intersect, nicolae_hexahallways
D:3:      layout_loops_ring, dk_yredelemnul_ordeal,
          gammafunk_temple_overflow_elements, minmay_misc_feat_tower
D:4:      layout_rooms, temple_statues
D:5:      lemuel_ice_spiral_2, layout_rooms, nicolae_wu_jian_glorious_leap,
          uniq_duvessa, uniq_ijyb

Skill      XL: |  1  2  3  4  5  6 |
---------------+-------------------+-----
Axes           | 5 6 7 8 9 |  9.9
Fighting       | |  3.6
Dodging        | |  2.4

Action                     |  1- 3 |  4- 6 || total
---------------------------+-------+-------++-------
  Melee: Hand axe          |    62 |    31 ||    93
         Battleaxe         |       |   118 ||   118
    Use: Scroll            |       |     3 ||     3
         Potion            |       |     1 ||     1
 Armour: Chain mail        |    32 |   105 ||   137
         Robe              |     1 |       ||     1
  Dodge: Dodged            |    22 |    67 ||    89
